 Dungeon Crawl Stone Soup version 0.23.2-1-ga50397a (webtiles) character file.

Game seed: 3115414670032679352

11622 whitewolfNL the Basher (level 11, -1/99 HPs)
             Began as a Minotaur Berserker on May 12, 2019.
             Was the Champion of Trog.
             Slain by an orc warlord
             ... wielding a +0 battleaxe
              (24 damage)
             ... on level 1 of the Orcish Mines on May 13, 2019.
             The game lasted 00:56:57 (9725 turns).

whitewolfNL the Basher (Minotaur Berserker)         Turns: 9725, Time: 00:56:58

Health: -1/99      AC: 21    Str: 24    XL:     11   Next: 51%
Magic:  13/13      EV: 11    Int:  4    God:    Trog [******]
Gold:   695        SH:  0    Dex: 11    Spells: 10/10 levels left

rFire    . . .     SeeInvis +   L - +1 dire flail (protect)
rCold    . . .     Gourm    .   (shield currently unavailable)
rNeg     . . .     Faith    .   w - +0 plate armour
rPois    .         Spirit   .   (helmet restricted)
rElec    .         Reflect  .   G - +0 cloak
rCorr    .         Harm     .   s - +0 pair of gloves
MR       .....                  Q - +0 pair of boots of Erule Gofif {Stlth+} (curse)
Stlth    ..........             Y - amulet of magic regeneration
HPRegen  0.26/turn              t - ring of see invisible
MPRegen  0.38/turn              K - +2 ring of protection

@: berserk cooldown, slowed, very slow
A: retaliatory headbutt, horns 2
a: Berserk, Trog's Hand, Brothers in Arms, Renounce Religion


You were on level 1 of the Orcish Mines.
You worshipped Trog.
Trog was exalted by your worship.
You were not hungry.

You visited 2 branches of the dungeon, and saw 12 of its levels.
You also visited: Sewer and Ossuary.

You collected 904 gold pieces.
You spent 209 gold pieces at shops.

Inventory:

Hand Weapons
 q - a +0 hunting sling
 L - a +1 dire flail of protection (weapon)
 T - the +10 rapier "Vefi" {pain, rF+ rC+}
   (You found it on level 10 of the Dungeon)

   In the hands of one skilled in necromantic magic, it inflicts extra damage on
   living creatures.
   It protects you from fire.
   It protects you from cold.
Missiles
 h - 17 tomahawks
 p - 220 arrows
 r - 57 sling bullets
 u - 525 stones (quivered)
 x - 38 poisoned needles
 y - a throwing net
 W - 23 bolts
 X - 2 needles of confusion
Armour
 s - a +0 pair of gloves (worn)
 w - a +0 plate armour (worn)
 G - a +0 cloak (worn)
 Q - the cursed +0 pair of boots of Erule Gofif (worn) {Stlth+}
   (You bought it in a shop on level 6 of the Dungeon)

   It makes you more stealthy.
   It has a curse placed upon it.
Jewellery
 k - an uncursed ring of ice
 t - a ring of see invisible (left hand)
 K - a +2 ring of protection (right hand)
 Y - an amulet of magic regeneration (around neck)
Wands
 v - a wand of random effects (27)
 R - a wand of paralysis (19)
 S - a wand of enslavement (8)
 U - a wand of flame (22)
Scrolls
 a - a scroll of summoning {unknown}
 d - 2 scrolls of enchant armour {unknown}
 e - 4 scrolls of blinking
 g - 8 scrolls of remove curse
 i - a scroll of fear {unknown}
 n - 6 scrolls of teleportation
 E - 2 scrolls of immolation
 H - 2 scrolls of magic mapping {unknown}
 M - 2 scrolls of enchant weapon {unknown}
 N - 3 scrolls of fog {unknown}
Potions
 b - a potion of cancellation {unknown}
 f - 5 potions of curing
 j - 3 potions of lignification
 l - a potion of ambrosia {unknown}
 m - a potion of magic {unknown}
 o - 4 potions of haste
 z - 5 potions of degeneration {unknown}
 A - a potion of mutation {unknown}
 B - a potion of agility {unknown}
 I - a potion of brilliance {unknown}
 J - 4 potions of flight
 O - 2 potions of berserk rage {unknown}
 V - a potion of might {unknown}
 Z - a potion of resistance {unknown}
Miscellaneous
 D - a lightning rod (4/4)
Comestibles
 c - 29 rations


   Skills:
 + Level 9.9 Fighting
 * Level 12.3 Maces & Flails
 - Level 1.0 Throwing
 + Level 11.4 Armour
 + Level 8.1 Dodging
 - Level 1.1 Stealth
   Level 4.4 Shields
 - Level 4.0 Evocations


You had 10 spell levels left.
You didn't know any spells.
Your spell library was empty.

Dungeon Overview and Level Annotations

Branches:
Dungeon (11/15)            Temple (0/1) D:4             Orc (1/2) D:9
   Lair: D:8-11

Altars:
Elyvilon
Hepliaklqana
Kikubaaqudgha
Makhleb
Okawaru
Sif Muna
Xom
Yredelemnul

Shops:
D:6 [(}:=}   D:9 =


Innate Abilities, Weirdness & Mutations

You reflexively headbutt those who attack you in melee.
You have a pair of horns on your head.


Message History

* * * LOW HITPOINT WARNING * * *
You feel much better. The orc warlord closely misses you.
Your plate armour prevents you from hitting the orc warlord.
The orc warlord is heavily wounded.
The orc warlord hits you with a +0 battleaxe!
* * * LOW HITPOINT WARNING * * *
You hit the orc warlord. You headbutt the orc warlord!
The orc warlord is severely wounded.
The orc warlord hits you with a +0 battleaxe!
* * * LOW HITPOINT WARNING * * *
You feel much better. The orc warlord closely misses you.
You furiously retaliate!
You headbutt the orc warlord.
You feel much better.
The orc warlord hits you with a +0 battleaxe!!
* * * LOW HITPOINT WARNING * * *
You closely miss the orc warlord.
You headbutt the orc warlord, but do no damage.
The orc warlord is severely wounded.
The orc warlord hits you with a +0 battleaxe!!
You die...

.. .. ##..#.###
.#....o#.##
..........# ..$... ...
.......##$#
........#[##
#......o[([#
##......@)[##
##.#.....(.[.### #
.........(.....#.##
.........(....$...#
.#.............#.#
#...><.......#...#
................# ...#
#...................##
##.##.....$........ #


You could see an orc warlord.

Vanquished Creatures
  A death knight (D:9)
  3 two-headed ogres (D:8)
  An unseen horror (D:10)
  A deep elf mage (D:9)
  A tengu conjurer (D:9)
  2 trolls (D:10)
  2 hippogriffs
  Sigmund (D:5)
  2 wraiths
  Eustachio (D:4)
  A vampire (D:6)
  A hungry ghost (D:7)
  A warg (D:9)
  2 water moccasins
  An acid dragon (D:9)
  Duvessa (D:5)
  2 sky beasts
  5 phantoms
  8 ogres
  4 orc warriors
  2 ice beasts
  4 centaurs
  A crocodile (D:10)
  5 big kobolds
  5 bullfrogs
  2 gnoll sergeants (D:6)
  Dowan (D:5)
  A scorpion (D:7)
  6 killer bees (D:7)
  2 wights (D:9)
  4 howler monkeys
  A jelly (D:10)
  8 crimson imps
  A bullfrog zombie (D:3)
  3 hounds (D:6)
  2 centaur zombies (D:8)
  A gnoll shaman (D:6)
  3 bullfrog skeletons
  5 orc priests
  16 orc wizards
  2 iguanas
  A centaur skeleton (D:6)
  9 worker ants
  4 hound skeletons
  A mummy (Ossuary)
  A worker ant zombie (D:9)
  14 gnolls
  9 adders
  A river rat (D:4)
  4 shadow imps
  An ooze (D:2)
  An adder zombie (D:8)
  4 worms
  2 dart slugs
  9 leopard geckos
  35 orcs
  6 ball pythons
  6 bats
  9 giant cockroaches
  17 goblins
  8 hobgoblins
  10 jackals
  40 kobolds
  6 quokkas
  8 frilled lizards
  A giant cockroach zombie (D:6)
  8 gnoll skeletons (Ossuary)
  4 kobold skeletons (Ossuary)
  13 orc skeletons (Ossuary)
  A quokka skeleton (D:4)
  10 rats
359 creatures vanquished.

Vanquished Creatures (others)
  An orc wizard (D:6)
1 creature vanquished.

Grand Total: 360 creatures vanquished

Notes
Turn   | Place    | Note
-------+----------+-------------------------------------------
     0 | D:1      | whitewolfNL the Minotaur Berserker began the quest for the
                  | Orb.
     0 | D:1      | Reached XP level 1. HP: 19/19 MP: 0/0
   246 | D:1      | Reached XP level 2. HP: 23/27 MP: 1/1
   562 | D:2      | Reached skill level 4 in Maces & Flails
   562 | D:2      | Reached XP level 3. HP: 30/33 MP: 2/2
   629 | D:2      | Reached ** piety under Trog
   923 | D:2      | Reached XP level 4. HP: 41/41 MP: 3/3
  1358 | D:3      | Reached XP level 5. HP: 47/47 MP: 4/4
  1361 | D:3      | Reached skill level 5 in Fighting
  1471 | D:3      | Reached *** piety under Trog
  1546 | D:3      | Reached skill level 5 in Maces & Flails
  1664 | D:3      | Reached XP level 6. HP: 56/56 MP: 5/5
  1725 | D:3      | Reached skill level 5 in Armour
  1876 | D:3      | Reached XP level 7. HP: 63/63 MP: 6/6
  2369 | D:4      | Noticed a hippogriff
  2375 | D:4      | Noticed Eustachio
  2379 | D:4      | Killed a hippogriff
  2379 | D:4      | Reached skill level 6 in Maces & Flails
  2387 | D:4      | Killed Eustachio
  2442 | D:4      | Reached **** piety under Trog
  2533 | D:4      | Reached skill level 7 in Maces & Flails
  2533 | D:4      | Reached XP level 8. HP: 71/71 MP: 7/7
  2553 | D:4      | Found a glowing drain.
  2566 | Sewer    | Entered a sewer
  3119 | D:4      | Found a staircase to the Ecumenical Temple.
  3832 | D:5      | Entered Level 5 of the Dungeon
  3995 | D:5      | Noticed Sigmund
  4007 | D:5      | Killed Sigmund
  4007 | D:5      | Reached skill level 8 in Maces & Flails
  4007 | D:5      | Reached skill level 5 in Dodging
  4381 | D:5      | Noticed Duvessa
  4381 | D:5      | Noticed Dowan
  4389 | D:5      | Killed Duvessa
  4392 | D:5      | Killed Dowan
  4779 | D:6      | Found Movehore's Book Shop.
  4788 | D:6      | Found Xoni's Gadget Shoppe.
  4853 | D:6      | Reached XP level 9. HP: 79/79 MP: 8/8
  4910 | D:6      | Found a sand-covered staircase.
  5142 | D:6      | Reached skill level 1 in Evocations
  5278 | Ossuary  | Entered an ossuary
  5292 | Ossuary  | Reached ***** piety under Trog
  5497 | D:6      | Reached skill level 9 in Maces & Flails
  5511 | D:6      | Found Badan's Antique Armour Boutique.
  5544 | D:6      | Bought a pair of ancient boots for 209 gold pieces
  5549 | D:6      | Identified the cursed +0 pair of boots of Erule Gofif
                  | {Stlth+} (You bought it in a shop on level 6 of the
                  | Dungeon)
  5573 | D:6      | Found a deep blue altar of Sif Muna.
  5743 | D:6      | Reached skill level 1 in Throwing
  5790 | D:6      | Found Haoxib's Weapon Shoppe.
  5905 | D:6      | Found Zipnuad's Jewellery Shop.
  5991 | D:6      | Found an iron altar of Okawaru.
  5991 | D:6      | Found a basalt altar of Yredelemnul.
  5996 | D:6      | Found a faded altar of an unknown god.
  5998 | D:6      | Found a hazy altar of Hepliaklqana.
  6000 | D:6      | Found a faded altar of an unknown god.
  6048 | D:6      | Found Cikkamp's Gadget Boutique.
  6083 | D:6      | Reached skill level 1 in Shields
  6284 | D:7      | Received a gift from Trog
  6313 | D:7      | Paralysed by fainting for 8 turns
  6565 | D:7      | Reached XP level 10. HP: 88/88 MP: 11/11
  6679 | D:7      | Found an ancient bone altar of Kikubaaqudgha.
  6681 | D:7      | Found a white marble altar of Elyvilon.
  6891 | D:7      | Found a burning altar of Makhleb.
  6892 | D:7      | Found a shimmering altar of Xom.
  6955 | D:8      | Noticed a two-headed ogre
  6961 | D:8      | Killed a two-headed ogre
  6961 | D:8      | Reached skill level 10 in Maces & Flails
  6961 | D:8      | Reached skill level 1 in Stealth
  6990 | D:8      | Noticed a two-headed ogre
  7005 | D:8      | Killed a two-headed ogre
  7024 | D:8      | Reached skill level 10 in Armour
  7642 | D:8      | Noticed a two-headed ogre
  7654 | D:8      | Killed a two-headed ogre
  7663 | D:8      | Reached skill level 11 in Maces & Flails
  7972 | D:9      | Found a staircase to the Orcish Mines.
  8015 | D:9      | Found Natsais's Jewellery Shop.
  8086 | D:9      | Found a hazy altar of Hepliaklqana.
  8135 | D:9      | Noticed a death knight
  8147 | D:9      | Killed a death knight
  8147 | D:9      | Reached XP level 11. HP: 71/97 MP: 13/13
  8306 | D:9      | Noticed a deep elf mage
  8327 | D:9      | Reached ****** piety under Trog
  8342 | D:9      | Killed a deep elf mage
  8521 | D:9      | Found a basalt altar of Yredelemnul.
  8673 | D:10     | Entered Level 10 of the Dungeon
  9057 | D:10     | Reached skill level 12 in Maces & Flails
  9100 | D:10     | Noticed an unseen horror
  9121 | D:10     | Killed an unseen horror
  9159 | D:10     | Got an ichor-stained rapier
  9160 | D:10     | Identified the +10 rapier "Vefi" {pain, rF+ rC+} (You found
                  | it on level 10 of the Dungeon)
  9381 | D:11     | Noticed a five-headed hydra
  9424 | Orc:1    | Entered Level 1 of the Orcish Mines
  9456 | Orc:1    | Noticed an orc warlord
  9719 | Orc:1    | HP: 2/99 [orc warlord/+0 battleaxe (18)]
  9725 | Orc:1    | Slain by an orc warlord

Skill      XL: |  1  2  3  4  5  6  7  8  9 10 11 |
---------------+----------------------------------+-----
Fighting       | 4 5 6 7 8 9 |  9.9
Maces & Flails | 4 5 7 8 9 11 12 | 12.3
Armour         | 3 4 5 6 8 9 10 11 | 11.4
Dodging        | 3 4 5 6 7 8 |  8.1
Evocations     | 3 4 |  4.0
Throwing       | 1 |  1.0
Shields        | 3 4 |  4.4
Stealth        | 1 |  1.1

Action                   |  1- 3 |  4- 6 |  7- 9 | 10-12 || total
-------------------------+-------+-------+-------+-------++-------
Melee: Mace              |    57 |   115 |   155 |       ||   327
       Headbutt          |     7 |    20 |    81 |    75 ||   183
       Whip              |       |       |    60 |       ||    60
       Flail             |       |       |   115 |       ||   115
       Dire flail        |       |       |    38 |   358 ||   396
 Fire: Hunting sling     |       |       |    43 |       ||    43
Invok: Berserk           |       |     5 |    15 |    13 ||    33
  Use: Scroll            |       |       |     8 |     5 ||    13
       Potion            |       |       |       |     4 ||     4
  Eat: Chunk             |       |     8 |    24 |    20 ||    52
       Ration            |       |       |     2 |     1 ||     3
Armor: Animal skin       |     7 |       |       |       ||     7
       Ring mail         |    22 |       |       |       ||    22
       Plate armour      |     2 |    99 |   252 |   190 ||   543
Dodge: Dodged            |    47 |    91 |   169 |   177 ||   484
Block: Buckler           |       |       |    10 |       ||    10
